[Event "Titled Tuesday Blitz February 15 Late 2022"]
[White "Desideri, Ricardo Maruchi"]
[Black "Goltseva, Ekaterina"]
[WhiteFideId "2110440"]
[BlackFideId "24173770"]
[WhiteElo "1945"]
[BlackElo "2140"]
[Result "0-1"]
[Round "01"]
[TimeControl "180+1"]
[Date "2022.02.16"]
[WhiteClock "0:00:08"]
[BlackClock "0:01:54"]

1. e4 e5 2. Nf3 Nc6 3. d4 exd4 4. Nxd4 Bc5 5. Nb3 Bb6 6. Nc3 Nf6 7. Qe2 a5 8. a4 O-O 9. Be3 Bxe3 10. Qxe3 Nb4 11. O-O-O d6 12. f3 Be6 13. Kb1 Re8 14. g4 Qe7 15. h4 Bxb3 16. cxb3 c6 17. g5 Nd7 18. Qd4 Nc5 19. Bc4 Rad8 20. Rhe1 d5 21. exd5 Qxe1 22. Rxe1 Rxe1+ 23. Nd1 cxd5 24. Be2 Nxb3 25. Qe3 Rc8 26. Qxb3 Rxe2 27. Nc3 Re1+ 28. Nd1 d4 29. Ka1 d3 30. h5 d2 31. g6 Rc1# 0-1


[Site "https://www.chess.com"]

[Event "Titled Tuesday Blitz February 15 Late 2022"]
[White "Dev, Shah"]
[Black "Josse, Mark"]
[WhiteFideId "35019058"]
[BlackFideId "414476"]
[WhiteElo "2098"]
[BlackElo "2264"]
[Result "1-0"]
[Round "01"]
[TimeControl "180+1"]
[Date "2022.02.16"]
[WhiteClock "0:01:39"]
[BlackClock "0:02:12"]

1. d4 d5 2. c4 dxc4 3. e4 b5 4. a4 c6 5. axb5 cxb5 6. Nc3 Qb6 7. Nd5 Qb7 8. Bf4 e5 9. Bxe5 Nc6 10. Nc7+ Kd8 11. Nxa8 Qxa8 12. Bf4 Nf6 13. f3 Bb4+ 14. Bd2 Ke7 15. Bxb4+ Nxb4 16. Qd2 Nc6 17. d5 Rd8 18. Qe3 Nb4 19. Rxa7+ Rd7 20. Qc5+ 1-0


[Site "https://www.chess.com"]

[Event "Titled Tuesday Blitz February 15 Late 2022"]
[White "Djordjevic, Vuk"]
[Black "Todorovic, Bojan"]
[WhiteFideId "902098"]
[BlackFideId "917087"]
[WhiteElo "2463"]
[BlackElo "2266"]
[Result "1-0"]
[Round "01"]
[TimeControl "180+1"]
[Date "2022.02.16"]
[WhiteClock "0:00:06"]
[BlackClock "0:00:02"]

1. d4 Nf6 2. Bg5 e6 3. e4 h6 4. Bxf6 Qxf6 5. c3 b6 6. Bd3 Bb7 7. Nd2 d6 8. g3 Nd7 9. f4 g5 10. Ne2 Bg7 11. O-O Qe7 12. a4 Nf6 13. a5 a6 14. Qc2 Ng4 15. Rf3 f5 16. Raf1 O-O 17. h3 Nf6 18. Re3 fxe4 19. Nxe4 Nd5 20. Ref3 b5 21. fxg5 hxg5 22. Qd2 Bh6 23. h4 Rxf3 24. Rxf3 g4 25. Qxh6 gxf3 26. Ng5 Nf6 27. Nf4 Qg7 28. Qxg7+ Kxg7 29. Nfxe6+ Kh8 30. Nxc7 Rc8 31. Nce6 Bd5 32. Nf4 b4 33. Nxd5 Nxd5 34. c4 Ne3 35. b3 Ng4 36. Bf5 Re8 37. Bxg4 Re3 38. Kf2 Rxb3 39. Nxf3 Rb2+ 40. Ke3 b3 41. Bf5 Rg2 42. Nd2 Rxg3+ 43. Ke2 b2 44. Bd3 Rg2+ 45. Kd1 Rg4 46. Kc2 Rxd4 47. Kc3 Rxh4 48. Kxb2 1-0


[Site "https://www.chess.com"]

[Event "Titled Tuesday Blitz February 15 Late 2022"]
[White "Domingo Nunez, Alejandro"]
[Black "Martirosyan, Haik M."]
[WhiteFideId "22245561"]
[BlackFideId "13306553"]
[WhiteElo "2215"]
[BlackElo "2735"]
[Result "0-1"]
[Round "01"]
[TimeControl "180+1"]
[Date "2022.02.15"]
[WhiteClock "0:00:39"]
[BlackClock "0:00:46"]

1. Nf3 e6 2. e4 d5 3. Nc3 Nf6 4. e5 Ne4 5. Ne2 Be7 6. h4 O-O 7. d3 Nc5 8. Ng3 Ncd7 9. d4 c5 10. c3 Nc6 11. Bd3 f5 12. Bg5 cxd4 13. cxd4 Bb4+ 14. Kf1 Be7 15. a3 h6 16. Bxe7 Qxe7 17. Ne2 Nb6 18. Nf4 Qf7 19. h5 Bd7 20. Rh3 Rfc8 21. Qd2 Ne7 22. b3 Rc6 23. Rg3 Rac8 24. Kg1 Be8 25. Nh4 Qf8 26. Kh2 Kh8 27. Ra2 Bf7 28. Bb5 R6c7 29. Qb4 Kh7 30. Qd6 Rc3 31. Nhg6 Bxg6 32. hxg6+ Kh8 33. Nxe6 Qg8 34. Rxc3 Rxc3 35. Qxe7 Nc8 36. Qxb7 Qxe6 37. Bd7 Qxg6 38. Bxc8 Qh5+ 39. Kg1 Rc1# 0-1


[Site "https://www.chess.com"]

[Event "Titled Tuesday Blitz February 15 Late 2022"]
[White "Dounis, Alexandros"]
[Black "Jaracz, Pawel"]
[WhiteFideId "4213238"]
[BlackFideId "1102222"]
[WhiteElo "2195"]
[BlackElo "2429"]
[Result "0-1"]
[Round "01"]
[TimeControl "180+1"]
[Date "2022.02.16"]
[WhiteClock "0:00:05"]
[BlackClock "0:00:36"]

1. Nf3 d5 2. g3 Bg4 3. Bg2 Nd7 4. O-O e6 5. d3 Bd6 6. c4 Ne7 7. Nc3 c6 8. h3 Bh5 9. e4 dxc4 10. dxc4 Qc7 11. Be3 O-O 12. Re1 Rfd8 13. Qc2 Bc5 14. Bf4 e5 15. Bg5 Nf8 16. Na4 Bxf3 17. Nxc5 Bxg2 18. Kxg2 b6 19. Nb3 Ne6 20. Bxe7 Qxe7 21. Rad1 a5 22. a4 Qb4 23. Qc3 f6 24. Rxd8+ Rxd8 25. Qxb4 axb4 26. a5 bxa5 27. Nxa5 c5 28. Nb3 Rd3 29. Re3 Rd1 30. Kf3 Kf7 31. Ke2 Rb1 32. Rd3 Rxb2+ 33. Kf1 Rb1+ 34. Kg2 Ke7 35. h4 h5 36. Nd2 Rd1 37. Kf3 Nd4+ 38. Kg2 b3 39. Rxb3 Nxb3 40. Nxb3 Kd6 0-1


[Site "https://www.chess.com"]

[Event "Titled Tuesday Blitz February 15 Late 2022"]
[White "Dovbnia, Nikita"]
[Black "Janaszak, Dawid"]
[WhiteFideId "54104599"]
[BlackFideId "1119206"]
[WhiteElo "2111"]
[BlackElo "2199"]
[Result "0-1"]
[Round "01"]
[TimeControl "180+1"]
[Date "2022.02.16"]
[WhiteClock "0:00:15"]
[BlackClock "0:00:53"]

1. Nf3 c5 2. g3 g6 3. Bg2 Bg7 4. O-O Nc6 5. d3 Nf6 6. c4 O-O 7. Nc3 d6 8. Bd2 e5 9. e4 Nh5 10. Qc1 Bg4 11. Ne1 Qd7 12. Bh6 Nd4 13. f3 Be6 14. Bxg7 Kxg7 15. Nc2 Rac8 16. Nxd4 cxd4 17. Ne2 b5 18. b3 bxc4 19. bxc4 d5 20. exd5 Bxd5 21. Qb1 Rb8 22. Qc1 Be6 23. f4 Bg4 24. Bf3 Rfe8 25. Qd2 Rb6 26. Bxg4 Qxg4 27. fxe5 Rxe5 28. Nf4 Re3 29. Rae1 Rxe1 30. Rxe1 Nxf4 31. Qxf4 Qxf4 32. gxf4 Rb2 33. Re4 Rxa2 34. Rxd4 a5 35. Rd5 a4 36. c5 a3 37. c6 Rc2 38. Ra5 a2 39. c7 Kf6 40. c8=Q Rxc8 41. Rxa2 Kf5 42. Ra7 Rf8 43. Ra4 Rd8 44. Ra7 f6 45. Rxh7 Rxd3 46. Kg2 Kxf4 47. Rh4+ Kf5 48. Ra4 g5 49. Rb4 Kg6 50. Rb5 f5 51. Rb6+ Kh5 52. Rb5 Kg4 53. Rb4+ f4 54. h3+ Rxh3 55. Rb5 Re3 56. Kh2 Re2+ 57. Kg1 f3 58. Rb3 Kg3 59. Kf1 Rh2 60. Kg1 g4 61. Rc3 Re2 62. Kf1 Ra2 63. Rc1 Kh2 64. Rd1 g3 65. Rd3 g2+ 66. Ke1 g1=Q# 0-1


[Site "https://www.chess.com"]

[Event "Titled Tuesday Blitz February 15 Late 2022"]
[White "Dreev, Aleksey"]
[Black "Piesik, Piotr"]
[WhiteFideId "4100107"]
[BlackFideId "1136194"]
[WhiteElo "2832"]
[BlackElo "2452"]
[Result "1-0"]
[Round "01"]
[TimeControl "180+1"]
[Date "2022.02.16"]
[WhiteClock "0:01:07"]
[BlackClock "0:00:52"]

1. d4 c5 2. d5 e5 3. dxe6 fxe6 4. e4 Nc6 5. Nc3 Nf6 6. Nf3 Qc7 7. g3 a6 8. Bf4 d6 9. Qd2 e5 10. Bg5 Be6 11. Bxf6 gxf6 12. Nd5 Bxd5 13. Qxd5 Nb4 14. Qd2 b5 15. a4 Rb8 16. c3 Nc6 17. axb5 axb5 18. Nh4 c4 19. Bh3 Ne7 20. Be6 h5 21. O-O Bh6 22. Qe2 Bg5 23. Nf3 Bh6 24. Rfd1 Kf8 25. h4 Kg7 26. Ne1 Kg6 27. Nc2 Ra8 28. Nb4 Qc5 29. Qf3 d5 30. Rxa8 Rxa8 31. Nxd5 Nxd5 32. Rxd5 Qc6 33. Bf5+ Kg7 34. Qxh5 1-0


[Site "https://www.chess.com"]

[Event "Titled Tuesday Blitz February 15 Late 2022"]
[White "Erdogdu, Mert"]
[Black "Mikhalsky, Vladimir"]
[WhiteFideId "6301495"]
[BlackFideId "14144352"]
[WhiteElo "2485"]
[BlackElo "2248"]
[Result "1-0"]
[Round "01"]
[TimeControl "180+1"]
[Date "2022.02.16"]
[WhiteClock "0:00:39"]
[BlackClock "0:00:38"]

1. e4 g6 2. d4 Bg7 3. Nc3 d6 4. Be3 Nd7 5. f4 e5 6. dxe5 dxe5 7. Nf3 exf4 8. Bxf4 c6 9. Bc4 Ngf6 10. Qd6 Qe7 11. Qxe7+ Kxe7 12. e5 Nh5 13. Bg5+ f6 14. exf6+ Bxf6 15. O-O Nb6 16. Rfe1+ Kd6 17. Ne4+ Kc7 18. Nxf6 Nxc4 19. Re7+ Kb6 20. b3 Nd6 21. Nxh5 gxh5 22. Rd1 Nf5 23. Rf7 Be6 24. Rf6 Rae8 25. Ne5 Rhf8 26. Rxe6 Rxe6 27. Nd7+ Ka5 28. Nxf8 Re2 29. Rd2 Re1+ 30. Kf2 Rh1 31. h3 Ra1 32. a4 b5 33. axb5 cxb5 34. Nxh7 Kb4 35. Nf6 a5 36. Nxh5 a4 37. bxa4 bxa4 38. g4 Rh1 39. gxf5 Rxh3 40. Ng3 a3 41. Be7+ Ka4 42. Rd4+ Kb5 43. Bxa3 Rh2+ 44. Kf3 Rxc2 45. Be7 1-0


[Site "https://www.chess.com"]

[Event "Titled Tuesday Blitz February 15 Late 2022"]
[White "Ezat, Mohamed"]
[Black "Antonova, Nadezhda"]
[WhiteFideId "10600906"]
[BlackFideId "14700182"]
[WhiteElo "2386"]
[BlackElo "1765"]
[Result "0-1"]
[Round "01"]
[TimeControl "180+1"]
[Date "2022.02.16"]
[WhiteClock "0:00:15"]
[BlackClock "0:00:04"]

1. d4 Nf6 2. c4 g6 3. Nc3 Bg7 4. e4 d6 5. Be2 O-O 6. Bg5 Na6 7. Qd2 c5 8. d5 Nc7 9. Nf3 a6 10. a4 b6 11. O-O Bd7 12. h3 Qb8 13. e5 dxe5 14. Nxe5 Rd8 15. Qe3 Nce8 16. Bf4 Nd6 17. b3 Qb7 18. Bf3 Nf5 19. Qc1 Nd4 20. Bd1 e6 21. Nxd7 Rxd7 22. dxe6 Nxe6 23. Bf3 Qa7 24. Bxa8 Qxa8 25. Be3 Nd4 26. Bxd4 cxd4 27. Nd1 Qe4 28. a5 bxa5 29. Rxa5 Nh5 30. Rxa6 Be5 31. f3 Qe2 32. Qh6 Rd8 33. Nf2 Bf4 34. Ng4 Bxh6 35. Nxh6+ Kg7 36. Ng4 Nf4 37. Rf2 Qd1+ 38. Kh2 Qxb3 39. Ra7 Rf8 40. c5 d3 41. c6 Qc4 42. c7 Qc5 43. Rfa2 Rc8 44. Nf2 Rxc7 45. Ne4 Qe5 46. Rxc7 Qxc7 47. g3 Nd5 48. Rd2 Nb4 49. Kg2 f5 50. Nf2 Qc3 51. Rd1 d2 52. Kf1 Nd3 53. Ke2 Nxf2 54. Rxd2 Nxh3 55. Rd7+ Kh6 56. Rd3 Qc2+ 57. Ke3 Qb1 58. g4 Qe1+ 59. Kd4 fxg4 60. fxg4 Ng5 61. Re3 Qd2+ 62. Rd3 Qf4+ 63. Kc3 Ne4+ 64. Kc2 Qf2+ 65. Kc1 Qf1+ 66. Kc2 Qe2+ 67. Kc1 Qxd3 68. g5+ Kxg5 69. Kb2 Qc3+ 70. Kb1 Nd2+ 71. Ka2 Qc2+ 72. Ka1 Qb1# 0-1


[Site "https://www.chess.com"]

[Event "Titled Tuesday Blitz February 15 Late 2022"]
[White "Federzoni, Enzo"]
[Black "Moskalenko, Alexander"]
[WhiteFideId "2173301"]
[BlackFideId "4155351"]
[WhiteElo "1956"]
[BlackElo "2515"]
[Result "0-1"]
[Round "01"]
[TimeControl "180+1"]
[Date "2022.02.16"]
[WhiteClock "0:01:25"]
[BlackClock "0:01:47"]

1. c4 e5 2. g3 f5 3. Bg2 Nf6 4. Nc3 d6 5. d3 g6 6. e3 Bg7 7. Nge2 O-O 8. O-O c6 9. d4 e4 10. d5 c5 11. h4 Nbd7 12. Nf4 Ne5 13. b3 Qe8 14. Bb2 h6 15. Nb5 Qd8 16. Bxe5 dxe5 17. Ne6 Bxe6 18. dxe6 Re8 19. Nd6 Re7 20. Qd2 Rxe6 21. Rfd1 Qc7 22. Nb5 Qe7 23. Qc3 a6 24. Na3 Rd6 25. Rxd6 Qxd6 26. Nc2 Rd8 27. Qa5 Qd2 28. Qc7 Rd7 29. Qc8+ Kh7 30. Na3 f4 31. exf4 exf4 32. gxf4 e3 33. fxe3 Qxe3+ 34. Kh1 Qxf4 35. Rf1 Qxh4+ 36. Kg1 Ng4 37. Rf8 Rd1+ 38. Bf1 Qh2# 0-1


[Site "https://www.chess.com"]

[Event "Titled Tuesday Blitz February 15 Late 2022"]
[White "Foisor, Sabina-Francesca"]
[Black "Plotkin, Mark"]
[WhiteFideId "1212915"]
[BlackFideId "2611651"]
[WhiteElo "2243"]
[BlackElo "2178"]
[Result "0-1"]
[Round "01"]
[TimeControl "180+1"]
[Date "2022.02.16"]
[WhiteClock "0:00:56"]
[BlackClock "0:02:18"]

1. Nf3 d6 2. g3 e5 3. Bg2 e4 4. Ng1 d5 5. d3 Nf6 6. dxe4 Nxe4 7. Nf3 Be7 8. O-O O-O 9. b3 Bf6 10. c3 Nxc3 11. Nxc3 Bxc3 12. Rb1 Bf5 13. Bg5 f6 14. Rc1 Bb2 15. Bf4 Bxc1 16. Qxc1 Nc6 17. h3 Re8 18. Qd2 Qd7 19. Kh2 Be4 20. Rd1 Rad8 21. h4 Qf7 22. Nd4 Nxd4 23. Qxd4 Bxg2 24. Kxg2 Rxe2 25. Qxa7 c6 26. Qb6 Rde8 27. a4 Qg6 28. Qxb7 Qe4+ 29. Kg1 Rxf2 30. Kxf2 Qe2+ 31. Kg1 Qxd1+ 32. Kg2 Re2+ 33. Kh3 Qf1+ 34. Kg4 h5+ 35. Kxh5 Qf3+ 36. g4 Qxf4 37. Qb8+ Kh7 38. Qxf4 g6# 0-1


[Site "https://www.chess.com"]

[Event "Titled Tuesday Blitz February 15 Late 2022"]
[White "Galchenko, Matvey"]
[Black "Titichoca Daza, Daniel"]
[WhiteFideId "24175480"]
[BlackFideId "3309550"]
[WhiteElo "2453"]
[BlackElo "1968"]
[Result "1-0"]
[Round "01"]
[TimeControl "180+1"]
[Date "2022.02.15"]
[WhiteClock "0:00:50"]
[BlackClock "0:00:01"]

1. c4 e5 2. g3 Nf6 3. Bg2 c6 4. d4 exd4 5. Qxd4 d5 6. Nc3 Na6 7. Nf3 Be7 8. cxd5 Nb4 9. Qd1 Nbxd5 10. O-O O-O 11. Nxd5 Qxd5 12. Qa4 Qe4 13. Nd4 Qe5 14. Bf4 Qh5 15. Rfd1 Bh3 16. Bh1 Rfe8 17. Rac1 Bc5 18. Rd2 Bb6 19. Rcd1 Ne4 20. Rc2 g5 21. Be3 Bg4 22. Nxc6 bxc6 23. Bxe4 Bxe3 24. fxe3 Rad8 25. Rcd2 Rxd2 26. Rxd2 Be6 27. Qxc6 f5 28. Bf3 Qf7 29. Kf2 f4 30. exf4 gxf4 31. gxf4 Rf8 32. e3 Bxa2 33. Rd7 Qc4 34. Bd5+ Qxd5 35. Rxd5 1-0


[Site "https://www.chess.com"]

[Event "Titled Tuesday Blitz February 15 Late 2022"]
[White "Garriga Cazorla, Pere"]
[Black "Koepke, Christian"]
[WhiteFideId "32011601"]
[BlackFideId "4655737"]
[WhiteElo "2458"]
[BlackElo "2180"]
[Result "0-1"]
[Round "01"]
[TimeControl "180+1"]
[Date "2022.02.16"]
[WhiteClock "0:01:42"]
[BlackClock "0:01:37"]

1. d4 d5 2. c4 e5 3. dxe5 Ne7 4. cxd5 Qxd5 5. Qxd5 Nxd5 6. a3 Nc6 7. Nf3 h6 8. e4 Nb6 9. h3 Bd7 10. Nc3 O-O-O 11. Bf4 g5 12. Bg3 Bg7 13. Bb5 Rhe8 14. O-O-O Nxe5 15. Bxd7+ Nbxd7 16. Nd4 Nc5 17. Nde2 c6 18. Kc2 Nc4 19. Rxd8+ Rxd8 20. h4 Rd2+ 21. Kc1 Nb3+ 22. Kb1 Rxb2# 0-1


[Site "https://www.chess.com"]

[Event "Titled Tuesday Blitz February 15 Late 2022"]
[White "Goltsev, Dmitry"]
[Black "Andreikin, Dmitry"]
[WhiteFideId "24176710"]
[BlackFideId "4158814"]
[WhiteElo "2273"]
[BlackElo "2736"]
[Result "0-1"]
[Round "01"]
[TimeControl "180+1"]
[Date "2022.02.15"]
[WhiteClock "0:00:03"]
[BlackClock "0:01:17"]

1. e4 g6 2. d4 Bg7 3. c3 Nf6 4. e5 Nd5 5. Nf3 d6 6. exd6 cxd6 7. Bb5+ Nc6 8. O-O O-O 9. Re1 a6 10. Bd3 e5 11. dxe5 dxe5 12. Bc4 Nb6 13. Qxd8 Rxd8 14. Bb3 Na5 15. Bc2 f6 16. b3 Be6 17. Bb2 Bh6 18. c4 Nc6 19. a3 a5 20. c5 Nd7 21. Nd4 Nxd4 22. Bxd4 Bf5 23. Bxf5 gxf5 24. Bc3 Nxc5 25. b4 Ne4 26. Rf1 Rd3 0-1


[Site "https://www.chess.com"]

[Event "Titled Tuesday Blitz February 15 Late 2022"]
[White "Golubenko, Valentina"]
[Black "Lugovskoy, Maxim"]
[WhiteFideId "4501993"]
[BlackFideId "24126454"]
[WhiteElo "2164"]
[BlackElo "2444"]
[Result "0-1"]
[Round "01"]
[TimeControl "180+1"]
[Date "2022.02.16"]
[WhiteClock "0:00:09"]
[BlackClock "0:01:30"]

1. d4 e6 2. g3 Nf6 3. Bg2 Be7 4. c4 d5 5. Nc3 O-O 6. Nf3 a6 7. b3 Bb4 8. Bd2 c5 9. dxc5 Bxc5 10. O-O Nc6 11. cxd5 exd5 12. Bg5 Be6 13. Bxf6 Qxf6 14. Nxd5 Bxd5 15. Qxd5 Ba3 16. Rad1 Rfe8 17. e3 h6 18. Qd7 Re7 19. Qg4 Rae8 20. Nh4 Re6 21. Bd5 Rd6 22. Bc4 Red8 23. Rxd6 Qxd6 24. Nf5 Qf6 25. Qe4 b5 26. Bd5 Nb4 27. Bb7 Nxa2 28. Qg4 Nc3 29. Bxa6 h5 30. Qf3 Qxa6 31. Qxh5 Qf6 32. h4 g6 33. Qg4 Qxf5 34. Qxf5 gxf5 35. Ra1 b4 36. Kg2 Rd1 37. Rxd1 Nxd1 38. Kf3 Nb2 39. Kf4 Nd3+ 40. Kxf5 Nc1 41. e4 Nxb3 42. Kf4 Nc5 43. Ke3 b3 44. Kd2 b2 45. Kc2 Nxe4 46. f3 Nd2 0-1


[Site "https://www.chess.com"]

[Event "Titled Tuesday Blitz February 15 Late 2022"]
[White "Golubev, Mikhail"]
[Black "Jimenez Fernandez, Rebeca"]
[WhiteFideId "14100983"]
[BlackFideId "32070934"]
[WhiteElo "2374"]
[BlackElo "1853"]
[Result "1-0"]
[Round "01"]
[TimeControl "180+1"]
[Date "2022.02.16"]
[WhiteClock "0:00:33"]
[BlackClock "0:00:03"]

1. e4 g6 2. d4 Bg7 3. f4 d6 4. c4 Nd7 5. Nc3 Ngf6 6. e5 Ng8 7. Nf3 Nh6 8. h4 O-O 9. h5 c5 10. hxg6 fxg6 11. d5 dxe5 12. fxe5 Nxe5 13. Bxh6 Bg4 14. Bxg7 Bxf3 15. Qd2 Qd6 16. Qh6 Bh5 17. Bxf8 Rxf8 18. Rxh5 gxh5 19. Qxd6 exd6 20. Be2 Rf4 21. g3 Rf5 22. O-O-O Rg5 23. Ne4 1-0


[Site "https://www.chess.com"]

[Event "Titled Tuesday Blitz February 15 Late 2022"]
[White "Goryachkina, Aleksandra"]
[Black "Osmonbekov, Talaibek"]
[WhiteFideId "4147103"]
[BlackFideId "2017253"]
[WhiteElo "2426"]
[BlackElo "2135"]
[Result "0-1"]
[Round "01"]
[TimeControl "180+1"]
[Date "2022.02.16"]
[WhiteClock "0:00:01"]
[BlackClock "0:00:13"]

1. e4 c5 2. Nf3 d6 3. Bb5+ Nd7 4. O-O a6 5. Bxd7+ Bxd7 6. c3 Bc6 7. Re1 e5 8. d4 Qc7 9. Nbd2 Nf6 10. Nc4 O-O-O 11. d5 Bb5 12. Qe2 g6 13. a4 Bxc4 14. Qxc4 Bg7 15. Bd2 Nh5 16. b4 f5 17. bxc5 Qxc5 18. Qxc5+ dxc5 19. c4 fxe4 20. Rxe4 Rde8 21. Bc3 Re7 22. Rae1 Rhe8 23. Nxe5 Nf6 24. R4e2 Nd7 25. f4 Nb6 26. Kf1 Nxa4 27. Ba1 b5 28. d6 Bxe5 29. dxe7 Bxf4 30. Rf2 Bd6 31. Rf7 b4 32. Bf6 Nb6 33. Rxh7 Nxc4 34. Re2 b3 35. Ke1 a5 36. Kd1 a4 0-1


[Site "https://www.chess.com"]

[Event "Titled Tuesday Blitz February 15 Late 2022"]
[White "Gracia Alvarez, Gerardo Antonio"]
[Black "Lenderman, Aleksandr"]
[WhiteFideId "5109124"]
[BlackFideId "2021285"]
[WhiteElo "2450"]
[BlackElo "2829"]
[Result "0-1"]
[Round "01"]
[TimeControl "180+1"]
[Date "2022.02.16"]
[WhiteClock "0:00:04"]
[BlackClock "0:00:05"]

1. e4 d6 2. d4 Nf6 3. Nc3 e5 4. Nf3 Nbd7 5. Bc4 Be7 6. O-O O-O 7. Re1 c6 8. a4 a5 9. h3 Nb6 10. Ba2 exd4 11. Nxd4 Re8 12. Qf3 h6 13. Bf4 Bf8 14. Rad1 Nbd7 15. Nf5 Ne5 16. Qg3 Bxf5 17. exf5 Nh5 18. Qe3 Nxf4 19. Qxf4 Nd7 20. Bxf7+ Kxf7 21. Qc4+ d5 22. Nxd5 Ne5 23. Rxe5 Rxe5 24. Nf4+ Kf6 25. Rxd8 Rxd8 26. Ng6 Rxf5 27. Nxf8 Rxf8 28. Qc3+ Kg6 29. f3 Kh7 30. Qd3 Kh8 31. b3 Rd5 32. Qe4 Rfd8 33. Qe7 Rd1+ 34. Kh2 R1d7 35. Qe4 Rd2 36. Qe7 Rg8 37. Qe4 b5 38. Qxc6 bxa4 39. bxa4 Rgd8 40. c4 Rb8 41. Qc7 Rbb2 42. Qc8+ Kh7 43. Qg4 Kg8 44. Qc8+ Kf7 45. Qf5+ Ke7 46. Qe4+ Kd7 47. Qg4+ Kc6 48. Qg6+ Kc5 49. Qxg7 Kxc4 50. Qg8+ Kb4 51. h4 Kxa4 52. Qe8+ Kb4 53. Qb8+ Ka3 54. Qf8+ Ka2 55. Qg8+ Ka1 56. f4 a4 57. f5 a3 58. f6 a2 59. f7 Rf2 60. f8=Q Rxf8 61. Qxf8 Rc2 62. Qg7+ Kb1 63. Qb7+ Kc1 64. Qa6 Kb1 65. Qb5+ Kc1 66. Qf1+ Kb2 67. Qb5+ Kc1 68. Qa4 Kb2 69. Qb4+ Kc1 70. Qa3+ Kb1 71. Qb3+ Kc1 72. Qa3+ Kb1 73. h5 a1=Q 74. Qb3+ Qb2 75. Qd3 Qb8+ 76. Kh3 Qe5 77. Qb3+ Kc1 78. Qa3+ Kd2 79. Qb4+ Qc3+ 0-1


[Site "https://www.chess.com"]

[Event "Titled Tuesday Blitz February 15 Late 2022"]
[White "Gubajdullin, Alexei"]
[Black "Wieczorek, Zbigniew"]
[WhiteFideId "4141202"]
[BlackFideId "1102001"]
[WhiteElo "2268"]
[BlackElo "2054"]
[Result "1-0"]
[Round "01"]
[TimeControl "180+1"]
[Date "2022.02.16"]
[WhiteClock "0:02:43"]
[BlackClock "0:02:32"]

1. d4 Nf6 2. Nf3 g6 3. Bf4 Bg7 4. e3 O-O 5. Be2 d6 6. O-O Nbd7 7. h3 Qe8 8. Nc3 e5 9. Bh2 b6 10. Nb5 e4 11. Nxc7 Qd8 12. Nxa8 exf3 13. Bxf3 Ba6 14. Bxd6 Bxf1 15. Bxf8 Bxf8 16. Qxf1 1-0


[Site "https://www.chess.com"]

[Event "Titled Tuesday Blitz February 15 Late 2022"]
[White "Hambleton, Aman"]
[Black "Namitbir Singh Walia"]
[WhiteFideId "2606577"]
[BlackFideId "35071068"]
[WhiteElo "2552"]
[BlackElo "1479"]
[Result "1-0"]
[Round "01"]
[TimeControl "180+1"]
[Date "2022.02.16"]
[WhiteClock "0:00:21"]
[BlackClock "0:00:14"]

1. d4 d5 2. Bf4 Nf6 3. e3 c5 4. c3 Nc6 5. Nd2 e6 6. Ngf3 cxd4 7. exd4 Nh5 8. Bg5 f6 9. Be3 Bd6 10. g3 O-O 11. Bd3 f5 12. Ne5 Bxe5 13. Qxh5 g6 14. Qe2 f4 15. dxe5 fxe3 16. Qxe3 Qc7 17. f4 b6 18. Nf3 Na5 19. Nd4 Nc4 20. Qe2 Bd7 21. h4 Kg7 22. O-O b5 23. Rae1 a6 24. Rf2 Qd8 25. Qg4 Qe7 26. h5 Be8 27. Nxe6+ 1-0


[Site "https://www.chess.com"]

[Event "Titled Tuesday Blitz February 15 Late 2022"]
[White "Hamley, Ryan"]
[Black "Mikhailovsky, Vladimir"]
[WhiteFideId "30959497"]
[BlackFideId "34105414"]
[WhiteElo "2384"]
[BlackElo "2371"]
[Result "0-1"]
[Round "01"]
[TimeControl "180+1"]
[Date "2022.02.16"]
[WhiteClock "0:00:05"]
[BlackClock "0:00:08"]

1. e4 Nf6 2. e5 Nd5 3. d4 d6 4. Nf3 dxe5 5. Nxe5 c6 6. Be2 Bf5 7. O-O Nd7 8. Nc4 e6 9. c3 Be7 10. Nbd2 O-O 11. Nf3 c5 12. dxc5 Nxc5 13. Ne3 Be4 14. Nxd5 Bxd5 15. Be3 Qc7 16. h3 Rfd8 17. Qc1 Be4 18. Nd2 Nd3 19. Qc2 Bg6 20. Qb3 Rd7 21. Rad1 Rad8 22. Nf3 Nc5 23. Qc4 Bd3 24. Bxd3 Nxd3 25. Qxc7 Rxc7 26. Rd2 b6 27. Rfd1 Rcd7 28. a4 Kf8 29. Kf1 Ke8 30. a5 bxa5 31. Ra1 Rb8 32. Rxa5 Rxb2 33. Rxb2 Nxb2 34. Rxa7 Nd1 35. Ra8+ Bd8 36. Bd4 f6 37. Ke2 Nb2 38. Nd2 e5 39. Bb6 Ke7 40. Bc5+ Ke6 41. Ra6+ Kd5 42. Be3 Nc4 43. Ra8 Nxe3 44. Kxe3 Bb6+ 45. Ke2 Rc7 46. Rd8+ Ke6 47. Rh8 h6 48. Rg8 Kf7 49. Rb8 Ba5 50. Ne4 Bxc3 51. Nxc3 Rxc3 52. Rb7+ Kg6 53. f3 h5 54. Kf2 h4 55. Rb6 Kf5 56. Rb4 Rc2+ 57. Kg1 g5 58. Ra4 Re2 59. Rg4 e4 60. Kf1 exf3 61. gxf3 Rh2 62. Kg1 Rxh3 63. Kf2 Rh2+ 64. Kg1 Ra2 65. Rb4 Kg6 66. Kh1 f5 67. Kg1 Ra3 68. Kg2 Kh5 69. Rb5 h3+ 70. Kg3 f4+ 71. Kxh3 Rxf3+ 72. Kg2 Rg3+ 73. Kf2 Kg4 74. Rb8 Rf3+ 75. Kg2 Re3 76. Kf2 Ra3 77. Rg8 Ra2+ 78. Ke1 Ra5 79. Rf8 Kg3 80. Ke2 g4 81. Rh8 Kg2 82. Rf8 f3+ 83. Ke3 g3 0-1


[Site "https://www.chess.com"]

[Event "Titled Tuesday Blitz February 15 Late 2022"]
[White "Dronavalli, Harika"]
[Black "Xie, Bryan"]
[WhiteFideId "5015197"]
[BlackFideId "30941296"]
[WhiteElo "2382"]
[BlackElo "1899"]
[Result "1-0"]
[Round "01"]
[TimeControl "180+1"]
[Date "2022.02.16"]
[WhiteClock "0:01:43"]
[BlackClock "0:00:09"]

1. d4 Nf6 2. c4 e6 3. Nc3 Bb4 4. e3 O-O 5. Bd2 c5 6. Nf3 cxd4 7. Nxd4 Nc6 8. Be2 Nxd4 9. exd4 d5 10. c5 b6 11. a3 Bxc3 12. Bxc3 bxc5 13. dxc5 Bb7 14. Qd4 Re8 15. f4 Bc6 16. b4 Rb8 17. a4 Qc7 18. O-O Rec8 19. Rac1 Bxa4 20. Ra1 Bb5 21. Bxb5 Rxb5 22. Ra6 Ne8 23. Rfa1 Ra8 24. h3 f6 25. Rxe6 Qd7 26. Rae1 Nc7 27. Re7 Qd8 28. f5 a6 29. Qg4 d4 30. Qxg7# 1-0


[Site "https://www.chess.com"]

[Event "Titled Tuesday Blitz February 15 Late 2022"]
[White "Haszon, David"]
[Black "Csonka, Balazs"]
[WhiteFideId "733610"]
[BlackFideId "742910"]
[WhiteElo "2201"]
[BlackElo "2404"]
[Result "1/2-1/2"]
[Round "01"]
[TimeControl "180+1"]
[Date "2022.02.16"]
[WhiteClock "0:00:16"]
[BlackClock "0:00:02"]

1. e4 e6 2. d4 d5 3. Nd2 Be7 4. Ngf3 c5 5. exd5 exd5 6. dxc5 Bxc5 7. Nb3 Bb6 8. Bb5+ Nc6 9. O-O Ne7 10. c3 O-O 11. h3 Bf5 12. Bd3 Be4 13. Re1 Bxf3 14. Qxf3 Ng6 15. Qg3 Re8 16. Be3 Bc7 17. Qg5 Qd6 18. g3 Re5 19. Qg4 Rae8 20. Bxg6 hxg6 21. Bd2 Qf6 22. Rxe5 Nxe5 23. Qa4 Re6 24. Nd4 Bb6 25. Bf4 Bxd4 26. cxd4 Nf3+ 27. Kg2 Nxd4 28. Rd1 Ne2 29. Rxd5 Nxf4+ 30. Qxf4 Qxf4 31. Rd8+ Kh7 32. gxf4 Re2 33. b3 Rxa2 34. Rd7 b5 35. Rxf7 Ra3 36. Rb7 Rxb3 37. Rxa7 b4 38. Rb7 Rb1 39. Kf3 b3 40. Rb5 b2 41. h4 Kh6 42. Rb8 Kh7 43. Rb5 Kg8 44. Rb8+ Kf7 45. Rb7+ Ke6 46. Rb6+ Kd5 47. Rb8 Kd4 48. Rb7 Kc3 49. Rc7+ Kd2 50. Rd7+ Kc2 51. Rc7+ Kd2 52. Rd7+ Ke1 53. Re7+ Kf1 54. Rb7 Kg1 55. Rb8 Kh2 56. Rb7 Kh3 57. Rb8 Kh2 58. Rb7 Kh3 59. Rb8 Kh2 1/2-1/2


[Site "https://www.chess.com"]